 Dungeon Crawl Stone Soup version bcrawl-1.38.3 (webtiles) character file.

Game seed: 1490606177720946817

427383 vcxz the Fighter (level 12, -2/129 HPs)
             Began as a Naga Archaeologist on June 9, 2023.
             Was a High Priest of Cheibriados.
             Slain by a redback (5 damage)
             ... on level 2 of the Lair of Beasts.
             The game lasted 00:28:28 (10399 turns).

vcxz the Fighter (Naga Archaeologist)              Turns: 10399, Time: 00:28:29

Health: -2/129     AC: 15    Str: 27    XL:     12   Next: 19%
Magic:  12/12      EV: 10    Int: 42    God:    Cheibriados [*****.]
Gold:   329        SH:  4    Dex: 27    Spells: 0/11 levels left

rFire    + . .     GDR:     36% d - +10 long sword "Qoetiwkin" {holy, Int+5}
rCold    . . .     SeeInvis +   (no shield)
rNeg     + . .     Gourm    .   c - +1 robe
rPois    +         Faith    .   (helmet restricted)
rElec    .         Spirit   .   n - +0 cloak
rCorr    .         Reflect  .   l - +1 pair of gloves
MR       ++...     Clarity  +   s - +2 barding
Stlth    ++++......             f - amulet of magic regeneration
HPRegen  0.31/turn              h - ring of Panentheism {+Inv rF+ MR+ Int+4}
MPRegen  0.39/turn              t - ring of positive energy

@: lethally poisoned (-2 -> -19), about to teleport, very slow
A: large, tail, swims, horns 1, stinger 1, see invisible, agile 1, deformed
body, poison resistance, slowness 2, slow metabolism 1, spit poison 1, AC +4
a: Spit Poison, Bend Time, Defer, Temporal Distortion, Step From Time, Renounce
Religion, Evoke Invisibility


You were on level 2 of the Lair of Beasts.
You worshipped Cheibriados.
Cheibriados was extremely pleased with you.
You were very hungry.

You visited 2 branches of the dungeon, and saw 11 of its levels.

You collected 635 gold pieces.
You spent 306 gold pieces at shops.

Inventory:

Hand Weapons
 a - a +0 broad axe
 b - a +3 dire flail of crushing
 d - the +10 long sword "Qoetiwkin" (weapon) {holy, Int+5}
   (You bought it in a shop on level 7 of the Dungeon)

   It has been blessed by the Shining One to cause great damage to the undead
   and demons.
   It affects your intelligence (+5).
Missiles
 z - 2 throwing nets {=f}
Armour
 c - a +1 robe (worn)
 i - the +2 leather armour of Unreason {rC+ rN+ MR- Str+2, unknown}
   (You found it on level 8 of the Dungeon)

   It affects your strength (+2).
   It protects you from cold.
   It protects you from negative energy.
   It affects your resistance to hostile enchantments.
 l - a +1 pair of gloves (worn)
 n - a +0 cloak (worn)
 s - a +2 barding (worn)
 B - the cursed +0 helmet of the Shrike {rF++ rC- Str-3 Dex+9}
   (You found it on level 7 of the Dungeon)

   It affects your strength (-3).
   It affects your dexterity (+9).
   It greatly protects you from fire.
   It makes you vulnerable to cold.
   It has a curse placed upon it.
Jewellery
 f - an amulet of magic regeneration (around neck)
 h - the ring of Panentheism (left hand) {+Inv rF+ MR+ Int+4}
   (You acquired it on level 3 of the Dungeon)

   [ring of protection from magic]

   It affects your intelligence (+4).
   It protects you from fire.
   It affects your resistance to hostile enchantments.
   It lets you turn invisible.
 o - a cursed ring of teleportation {unknown}
 t - a ring of positive energy (right hand)
 G - an uncursed ring of flight {unknown}
Wands
 r - a wand of polymorph (13)
 v - a wand of disintegration (9)
 D - a wand of acid (8)
Scrolls
 g - 2 scrolls of magic mapping
 k - 3 scrolls of teleportation
 m - 4 scrolls of fog
 p - a scroll of amnesia
 w - a scroll of immolation
 y - a scroll of torment {unknown}
 A - a scroll of noise {unknown}
 E - 5 scrolls of remove curse {unknown}
Potions
 j - a potion of flight
 q - a potion of haste
 u - 2 potions of cancellation
 x - 2 potions of magic
 F - a potion of mutation
Comestibles
 e - 18 rations {!d}


   Skills:
 + Level 14.5 Fighting
 * Level 8.5 Long Blades
 - Level 8.6 Maces & Flails
 - Level 2.4 Dodging
 - Level 4.8 Stealth
 - Level 1.0 Conjurations
 * Level 1.2 Transmutations


You couldn't memorise any spells.
You knew the following spells:

 Your Spells              Type           Power        Failure   Level  Hunger
a - Tukima's Dance        Hex            #.......     13%         3    #####..
b - Confuse               Hex            #.......     13%         3    #####..
c - Irradiate             Conj/Tmut      #.........   58%         5    #######

Your spell library contained the following spells:

 Spells                   Type           Power        Failure   Level  Hunger
 Magic Dart               Conj           #...         2%          1    None
 Apportation              Tloc           #.....       4%          1    None
 Corona                   Hex            #......      4%          1    None
 Infusion                 Chrm           #.......     4%          1    None
 Sandblast                Erth           #.....       4%          1    None
 Slow                     Hex            #.......     4%          1    None
 Static Discharge         Air            #.....       4%          1    None
 Summon Butterflies       Summ           #.......     4%          1    None
 Searing Ray              Conj           #.......     4%          2    ####...
 Ensorcelled Hibernation  Hex/Ice        #.....       6%          2    ####...
 Iskenderun's Mystic Bla  Conj           #.......     9%          3    #####..
 Dazzling Orbs            Conj/Hex       #......      11%         3    #####..
 Fulminant Prism          Conj/Hex       #.........   34%         4    ######.
 Lightning Bolt           Conj/Air       #.......     34%         4    ######.
 Cause Fear               Hex            #.........   38%         4    ######.
 Summon Lightning Spire   Summ/Air       #.......     75%         5    #######
 Conjure Ball Lightning   Conj/Air       #.........   99%         6    #######
 Chain Lightning          Conj/Air       #.........   100%        8    #######


Dungeon Overview and Level Annotations

Branches:
Dungeon (9/12)             Temple (0/1) D:5            Lair (2/6) D:8
  Swamp: Lair:2-4    Shoals: Lair:2-4     Snake: Lair:2-4    Spider: Lair:2-4
    Orc: D:8-11

Altars:
Cheibriados
Dithmenos
Gozag
Hepliaklqana
Makhleb
Ru
Trog
Vehumet
Wu Jian

Shops:
D:7 (   D:9 }


Innate Abilities, Weirdness & Mutations

You cannot wear boots.
You can swim through water.
Your serpentine skin is tough. (AC +4)
You have supernaturally acute eyesight. (SInv)
Armour fits poorly on your strangely shaped body.
Your system is resistant to poisons. (rPois)
You cover ground very slowly.
You have a slow metabolism.
You can spit poison.
You have a pair of small horns on your head.
Your tail ends in a poisonous barb.
You are agile. (Dex +2)


Message History

The redback hits you but does no damage.
The redback bites you.
* * * LOW HITPOINT WARNING * * *
As you read the scroll of teleportation, it crumbles to dust.
You feel strangely unstable.
* * * LOW HITPOINT WARNING * * *
You feel sick. You block the redback's attack. The redback bites you.
* * * LOW HITPOINT WARNING * * *
The redback barely misses you. x2
The redback hits you but does no damage.
The redback bites you!
* * * LOW HITPOINT WARNING * * *
Okay, then.
Okay, then.
* * * LOW HITPOINT WARNING * * *
You feel very sick. You block the redback's attack.
The redback closely misses you.
The redback hits you but does no damage.
The redback bites you.
You die...

..###.........###
#.....>.......#
##....#......###
#.....##.....
#.##^..# .##
####†.##s^^#
#...#..# .s..
##..ss.## ..^
#..s@..# .^
####...## .
##...## #....##
#### #.....###
#..##
#.#.....###.#.##
####...........##
#.#........###
####........P.


You could see 3 redbacks.

Vanquished Creatures
  Harold (Lair:1)
  A two-headed ogre (D:8)
  4 death yaks (Lair:1)
  A wolf spider (Lair:2)
  Joseph (D:8)
  5 cane toads
  2 rime drakes (Lair:2)
  An eye of draining (D:8)
  2 komodo dragons
  A queen bee (D:8)
  A hornet (D:8)
  2 hippogriffs (D:8)
  4 yaks (D:9)
  2 wyverns (D:8)
  2 basilisks
  Edmund (D:5)
  A redback (Lair:2)
  5 crocodiles
  2 porcupines
  3 orc warriors
  2 sky beasts (D:6)
  A swamp drake (D:8)
  2 phantoms
  4 ice beasts
  6 wolves (Lair:1)
  An ogre (D:4)
  6 bullfrogs
  Blork the orc (D:4)
  A kobold brigand (D:6)
  4 centaurs
  5 scorpions
  14 killer bees (D:8)
  3 orc priests
  8 crimson imps
  A jelly (D:6)
  2 bullfrog zombies
  Crazy Yiuf (D:3)
  4 hounds
  A bullfrog skeleton (D:5)
  7 orc wizards
  3 iguanas
  9 worker ants
  A hound zombie (D:6)
  A hound skeleton (D:4)
  A worker ant zombie (D:5)
  11 adders
  3 gnolls (D:4)
  An ooze (D:5)
  An adder zombie (D:6)
  3 worms
  2 dart slugs
  5 leopard geckos
  16 orcs
  3 bats
  2 giant cockroaches
  6 goblins
  7 hobgoblins
  15 jackals
  5 quokkas
  A ball python (D:2)
  A jackal skeleton (D:5)
  13 kobolds
  2 rats
228 creatures vanquished.

Vanquished Creatures (others)
  A fungus (Lair:2)
1 creature vanquished.

Grand Total: 229 creatures vanquished

Notes
Turn   | Place    | Note
-------+----------+-------------------------------------------
     0 | D:1      | vcxz the Naga Archaeologist began the quest for the Orb.
     0 | D:1      | Reached XP level 1. HP: 18/18 MP: 1/1
   268 | D:1      | Reached XP level 2. HP: 21/25 MP: 2/2
   567 | D:2      | Reached skill level 2 in Fighting
   568 | D:2      | Reached XP level 3. HP: 26/32 MP: 3/3
   920 | D:3      | Reached skill level 3 in Fighting
   920 | D:3      | Reached XP level 4. HP: 25/42 MP: 4/4
   996 | D:3      | Found a snail-covered altar of Cheibriados.
  1005 | D:3      | Became a worshipper of Cheibriados the Contemplative
  1039 | D:3      | Found a runed door.
  1077 | D:3      | Found an opulent altar of Gozag.
  1079 | D:3      | Found a bloodstained altar of Trog.
  1283 | D:3      | Reached skill level 4 in Fighting
  1322 | D:3      | Reached XP level 5. HP: 50/50 MP: 5/5
  1322 | D:3      | Identified a scroll of acquirement
  1333 | D:3      | Reached * piety under Cheibriados
  1342 | D:3      | Identified the +0 barding "Gexo" {rN+ Str+7} (You acquired
                  | it on level 3 of the Dungeon)
  1342 | D:3      | Identified the ring of Panentheism {+Inv rF+ MR+ Int+4}
                  | (You acquired it on level 3 of the Dungeon)
  1502 | D:3      | Learned a level 3 spell: Tukima's Dance
  1644 | D:3      | Noticed Crazy Yiuf
  1658 | D:3      | Killed Crazy Yiuf
  1775 | D:4      | Noticed a phantom
  1939 | D:4      | Reached skill level 5 in Fighting
  1990 | D:4      | Noticed Blork the orc
  2013 | D:4      | Killed Blork the orc
  2014 | D:4      | Reached XP level 6. HP: 49/62 MP: 3/6
  2080 | D:4      | Reached skill level 6 in Fighting
  2243 | D:4      | Found a radiant altar of Vehumet.
  2376 | D:4      | Reached skill level 7 in Fighting
  2376 | D:4      | Reached XP level 7. HP: 54/72 MP: 7/7
  3058 | D:5      | Entered Level 5 of the Dungeon
  3208 | D:4      | Reached ** piety under Cheibriados
  3286 | D:5      | Reached skill level 8 in Fighting
  3481 | D:5      | Reached XP level 8. HP: 61/82 MP: 8/8
  3522 | D:5      | Found a staircase to the Ecumenical Temple.
  3611 | D:5      | Learned a level 3 spell: Confuse
  3646 | D:5      | Reached skill level 9 in Fighting
  4111 | D:5      | Noticed Edmund
  4158 | D:5      | Killed Edmund
  4266 | D:5      | Reached skill level 10 in Fighting
  4334 | D:5      | Reached *** piety under Cheibriados
  4692 | D:6      | Reached XP level 9. HP: 73/94 MP: 5/9
  4968 | D:6      | Reached skill level 5 in Maces & Flails
  5132 | D:6      | Reached **** piety under Cheibriados
  5754 | D:7      | Got a faintly humming helmet
  5932 | D:7      | Identified the cursed +0 helmet of the Shrike {rF++ rC-
                  | Str-3 Dex+9} (You found it on level 7 of the Dungeon)
  6024 | D:7      | Found Lunafrech's Antique Weapon Shoppe.
  6033 | D:7      | Bought a brightly glowing long sword for 306 gold pieces
  6217 | D:8      | Noticed an eye of draining
  6227 | D:8      | Killed an eye of draining
  6243 | D:8      | Reached XP level 10. HP: 43/103 MP: 6/10
  6313 | D:8      | Identified the +10 long sword "Qoetiwkin" {holy, Int+5}
                  | (You bought it in a shop on level 7 of the Dungeon)
  6473 | D:8      | Reached skill level 11 in Fighting
  6479 | D:8      | Reached skill level 1 in Long Blades
  6490 | D:8      | Gained mutation: You are robust. (+10% HP) [potion of
                  | mutation]
  6490 | D:8      | Gained mutation: You are weak. (Str -2) [potion of
                  | mutation]
  6490 | D:8      | Gained mutation: You have a pair of small horns on your
                  | head. [potion of mutation]
  6510 | D:8      | Reached ***** piety under Cheibriados
  6766 | D:8      | Learned a level 3 spell: Dazzling Orbs
  6845 | D:8      | Found a burning altar of Makhleb.
  6947 | D:8      | Found an ornate altar of the Wu Jian Council.
  6979 | D:8      | Got a scorched leather armour
  6995 | D:8      | Found a sacrificial altar of Ru.
  7000 | D:8      | Found a hazy altar of Hepliaklqana.
  7001 | D:8      | Found a shadowy altar of Dithmenos.
  7012 | D:8      | Noticed Joseph
  7018 | D:8      | Killed Joseph
  7120 | D:8      | Noticed a two-headed ogre
  7138 | D:8      | Killed a two-headed ogre
  7139 | D:8      | Reached skill level 12 in Fighting
  7248 | D:8      | Found a staircase to the Lair.
  7260 | D:8      | Reached skill level 1 in Conjurations
  7607 | D:8      | Reached XP level 11. HP: 123/126 MP: 11/11
  8057 | D:9      | Reached skill level 5 in Long Blades
  8071 | D:9      | Reached skill level 13 in Fighting
  8136 | D:9      | Found Suokkox's Gadget Shop.
  8212 | D:9      | Noticed a four-headed hydra
  8321 | Lair:1   | Entered Level 1 of the Lair of Beasts
  8511 | Lair:1   | Noticed a death yak
  8585 | Lair:1   | Lost mutation: You have a pair of small horns on your head.
                  | [potion of mutation]
  8585 | Lair:1   | Lost mutation: You are weak. (Str -2) [potion of mutation]
  8585 | Lair:1   | Lost mutation: You are robust. (+10% HP) [potion of
                  | mutation]
  8585 | Lair:1   | Gained mutation: Your tail ends in a poisonous barb.
                  | [potion of mutation]
  8585 | Lair:1   | Gained mutation: You are agile. (Dex +2) [potion of
                  | mutation]
  8585 | Lair:1   | Gained mutation: You have a pair of small horns on your
                  | head. [potion of mutation]
  8904 | Lair:1   | Noticed a death yak
  8904 | Lair:1   | Noticed a death yak
  8911 | Lair:1   | Noticed a death yak
  8911 | Lair:1   | Noticed a death yak
  8916 | Lair:1   | Killed a death yak
  8926 | Lair:1   | Killed a death yak
  8935 | Lair:1   | Noticed Harold
  9051 | Lair:1   | Killed Harold
  9052 | Lair:1   | Reached skill level 14 in Fighting
  9301 | Lair:1   | Killed a death yak
  9309 | Lair:1   | Killed a death yak
  9888 | Lair:2   | Reached XP level 12. HP: 118/129 MP: 12/12
  9968 | Lair:2   | Learned a level 5 spell: Irradiate
 10384 | Lair:2   | Reached skill level 1 in Transmutations
 10399 | Lair:2   | HP: 3/129 [poisoned by a redback]
 10399 | Lair:2   | Slain by a redback

Skill      XL: |  1  2  3  4  5  6  7  8  9 10 11 12 |
---------------+-------------------------------------+-----
Maces & Flails | 2 3 8 |  8.6
Fighting       | 2 3 4 5 7 8 10 12 14 | 14.5
Long Blades    | 4 7 8 |  8.5
Conjurations   | 1 |  1.0
Transmutations | 1 |  1.2
Dodging        | |  2.4
Stealth        | |  4.8

Action                   |  1- 3 |  4- 6 |  7- 9 | 10-12 || total
-------------------------+-------+-------+-------+-------++-------
Melee: Whip              |    27 |       |       |       ||    27
       Dagger            |    79 |   230 |   366 |       ||   675
       Dire flail        |       |       |   186 |   171 ||   357
       Headbutt          |       |       |       |    97 ||    97
       Long sword        |       |       |       |   103 ||   103
       Tailslap          |       |       |       |    35 ||    35
 Cast: Tukima's Dance    |       |     1 |     3 |     2 ||     6
       Dazzling Orbs     |       |       |       |    10 ||    10
       Confuse           |       |       |       |     2 ||     2
 Abil: Spit Poison       |     3 |     2 |     9 |     2 ||    16
       Evoke Invisibilit |       |       |       |     1 ||     1
Evoke: Wand              |       |       |       |    10 ||    10
  Use: Scroll            |     1 |     4 |    13 |     5 ||    23
       Potion            |       |     1 |     4 |     5 ||    10
 Stab: Sleeping          |     4 |     1 |     7 |     4 ||    16
       Distracted        |       |     1 |       |     1 ||     2
  Eat: Chunk             |     2 |    10 |    20 |    19 ||    51
       Ration            |       |       |     1 |       ||     1
Armor: Robe              |    44 |   132 |   441 |   158 ||   775
       Skin              |       |       |       |    24 ||    24
Dodge: Dodged            |    77 |    95 |   336 |   143 ||   651
Block: Other             |       |       |       |    16 ||    16
